 Dungeon Crawl Stone Soup version 0.23.2-1-ga50397a6bc (webtiles) character file.

Game seed: 3079143777728689685

9292 PgLoLo the Thaumaturge (level 11, 0/81 HPs)
             Began as a Gnoll Wizard on May 12, 2019.
             Was a Believer of Cheibriados.
             Slain by an unseen horror (4 damage)
             ... on level 10 of the Dungeon.
             The game lasted 00:59:34 (18084 turns).

PgLoLo the Thaumaturge (Gnoll Wizard)              Turns: 18084, Time: 00:59:34

Health: 0/81       AC: 12    Str: 19    XL:     11   Next: 44%
Magic:  17/24      EV: 38    Int: 33    God:    Cheibriados [**....]
Gold:   586        SH:  0    Dex: 24    Spells: 18/29 levels left

rFire    . . .     SeeInvis .   a - +4 halberd
rCold    . . .     Gourm    .   (shield currently unavailable)
rNeg     . . .     Faith    .   H - +0 ring mail of Dim Light {+Inv}
rPois    .         Spirit   .   g - +0 helmet
rElec    .         Reflect  .   (no cloak)
rCorr    .         Harm     .   B - +0 pair of gloves
MR       .....                  (no boots)
Stlth    +++++.....             p - amulet of the acrobat
HPRegen  0.23/turn              S - +4 ring of protection
MPRegen  0.19/turn              h - +4 ring of intelligence

@: mighty, agile, acrobat, flying, very slow
A: distributed training, fangs 1, strong nose
a: Bend Time, Renounce Religion, Evoke Invisibility


You were on level 10 of the Dungeon.
You worshipped Cheibriados.
Cheibriados was pleased with you.
You were not hungry.

You visited 2 branches of the dungeon, and saw 11 of its levels.

You collected 586 gold pieces.

Inventory:

Hand Weapons
 a - a +4 halberd (weapon)
 b - a +0 hunting sling
 l - a +1 flail of distortion
 F - a +4 battleaxe
Missiles
 u - 118 sling bullets
Armour
 e - a +0 hat
 g - a +0 helmet (worn)
 n - a +3 ring mail of fire resistance
 t - a +0 robe
 B - a +0 pair of gloves (worn)
 H - the +0 ring mail of Dim Light (worn) {+Inv}
   (You found it on level 8 of the Dungeon)

   It lets you turn invisible.
 K - a +0 buckler
Magical Staves
 v - an uncursed staff of earth
Jewellery
 h - a +4 ring of intelligence (right hand)
 k - an uncursed amulet of harm
 p - an amulet of the acrobat (around neck)
 w - an uncursed ring of resist corrosion
 x - an uncursed ring of resist corrosion
 y - an uncursed ring of ice
 A - an uncursed ring of poison resistance
 P - a +2 ring of dexterity
 S - a +4 ring of protection (left hand)
Wands
 m - a wand of scattershot (7)
 C - a wand of iceblast (28)
 E - a wand of random effects (33)
 I - a wand of flame (18)
 J - a wand of disintegration (34)
Scrolls
 j - a scroll of immolation {unknown}
 s - 5 scrolls of remove curse
 D - a scroll of amnesia
 N - a scroll of identify
 Q - a scroll of magic mapping {unknown}
Potions
 c - 3 potions of might
 f - a potion of degeneration
 i - 2 potions of brilliance
 q - a potion of lignification {unknown}
 r - a potion of flight
 z - 2 potions of haste {unknown}
 G - a potion of agility
 M - a potion of cancellation {unknown}
Miscellaneous
 R - a lightning rod (4/4)
Comestibles
 d - 11 rations
 o - 6 chunks of flesh


   Skills:
 + Level 6.2 Fighting
 + Level 6.2 Short Blades
 + Level 6.2 Long Blades
 + Level 6.2 Axes
 + Level 6.2 Maces & Flails
 + Level 6.2 Polearms
 + Level 6.2 Staves
 + Level 6.2 Slings
 + Level 6.2 Bows
 + Level 6.2 Crossbows
 + Level 6.2 Throwing
 + Level 6.2 Armour
 + Level 7.8 Dodging
 + Level 7.5 Stealth
 + Level 6.2 Shields
 + Level 6.2 Unarmed Combat
 + Level 9.5 Spellcasting
 + Level 5.6 Conjurations
 + Level 5.1 Hexes
 + Level 5.1 Charms
 + Level 5.6 Summonings
 + Level 5.1 Necromancy
 + Level 5.6 Translocations
 + Level 5.1 Transmutations
 + Level 5.1 Fire Magic
 + Level 5.1 Ice Magic
 + Level 5.1 Air Magic
 + Level 5.1 Earth Magic
 + Level 5.1 Poison Magic
 + Level 6.8 Invocations
 + Level 6.2 Evocations


You had 18 spell levels left.
You knew the following spells:

 Your Spells              Type           Power        Failure   Level  Hunger
a - Magic Dart            Conj           ####         1%          1    None
b - Blink                 Tloc           N/A          1%          2    None
c - Conjure Flame         Conj/Fire      ######..     1%          3    None
d - Mephitic Cloud        Conj/Pois/Air  ######..     1%          3    None
s - Call Imp              Summ           ######..     1%          2    None

Your spell library contained the following spells:

 Spells                   Type           Power        Failure   Level  Hunger
 Corona                   Hex            #####..      1%          1    None
 Infusion                 Chrm           ####         1%          1    None
 Shock                    Conj/Air       ####         1%          1    None
 Slow                     Hex            #####...     1%          2    None
 Swiftness                Chrm/Air       #####...     1%          2    None
 Inner Flame              Hex/Fire       #####...     1%          3    None
 Portal Projectile        Hex/Tloc       ######       1%          3    None
 Static Discharge         Conj/Air       ######..     1%          3    None
 Airstrike                Air            #####.....   6%          4    None
 Cause Fear               Hex            #####.....   6%          4    None
 Leda's Liquefaction      Hex/Erth       #####.....   6%          4    None
 Lightning Bolt           Conj/Air       ######....   14%         5    ###....


Dungeon Overview and Level Annotations

Branches:
Dungeon (10/15)            Temple (1/1) D:7             Orc (0/2) D:10
   Lair: D:8-11

Altars:
Ashenzari
Cheibriados
Dithmenos
Elyvilon
Fedhas
Gozag
Hepliaklqana
Kikubaaqudgha
Makhleb
Nemelex Xobeh
Okawaru
Qazlal
Ru
Sif Muna
Trog
Uskayaw
Vehumet
Wu Jian
Xom
Yredelemnul
Zin
The Shining One
Lugonu

Shops:
D:10 (

Annotations:
D:7 exclusion: downstairs
D:9 3 runed translucent doors, Ethylacetat's ghost, journeyman OpFE
D:10 2 transporters, mrkaede's ghost, novice GrMo


Innate Abilities, Weirdness & Mutations

Your experience applies equally to all skills.
You have very sharp teeth.
Your uncanny sense of smell can sniff out nearby items.


Message History

* * * LOW HITPOINT WARNING * * *
The yak barely misses you.
You impale the yak!!
You kill the yak!
Cheibriados appreciates the change of pace.
Something hits you.
* * * LOW HITPOINT WARNING * * *
You slice the yak!! You bite the yak!
The yak is severely wounded.
Something hits you!
* * * LOW HITPOINT WARNING * * *
The yak closely misses you.
Okay, then.
Casting: Call Imp (safe; 1% risk of failure)
Confirm with . or Enter, or press ? or * to list all spells.
You blink.
Your white imp hits the yak but does no damage.
Something barely misses you. Something hits you.
You die...

#.# ### #.## ##### #
#..Y ....## #
###Y.#5....## ##
##.###Y......####.
###...#.............
#....$..............
###.................
#@................
#.............####
###..#).....######
####.......#....
#....#....##.
#############


You could see a yak and a friendly white imp.

Vanquished Creatures
  Harold (D:8)
  2 unseen horrors
  A queen bee (D:8)
  A troll (D:9)
  A hornet (D:9)
  Prince Ribbit (D:7)
  A hippogriff (D:8)
  11 yaks
  2 hungry ghosts (D:10)
  Menkaure (D:6)
  Edmund (D:4)
  Duvessa (D:7)
  A water moccasin (D:10)
  A phantom (D:10)
  4 porcupines (D:10)
  An orc warrior (D:7)
  3 sky beasts
  A necrophage (D:10)
  An ogre (D:5)
  2 centaurs
  3 crocodiles
  5 bullfrogs
  A wyvern skeleton (D:10)
  A scorpion (D:6)
  A troll zombie (D:10)
  A water moccasin skeleton (D:7)
  9 killer bees
  3 wights
  2 electric eels (D:9)
  7 crimson imps
  A quasit (D:9)
  A bullfrog zombie (D:8)
  4 jellies
  5 orc wizards
  2 bullfrog skeletons
  2 orc priests (D:4)
  Ijyb (D:5)
  A worker ant (D:4)
  5 ogre zombies (D:10)
  2 worker ant zombies
  A howler monkey skeleton (D:4)
  A howler monkey zombie (D:5)
  4 adders
  3 gnolls
  A shadow imp (D:7)
  An ooze (D:2)
  An adder zombie (D:8)
  An adder skeleton (D:9)
  4 worms
  6 leopard geckos
  22 orcs
  6 bats
  7 giant cockroaches
  3 goblins
  4 hobgoblins
  17 jackals
  3 quokkas
  A ball python (D:1)
  6 frilled lizards
  A goblin skeleton (D:10)
  3 goblin zombies (D:10)
  A jackal skeleton (D:5)
  13 kobolds
  2 orc skeletons (D:10)
  12 orc zombies (D:10)
  A quokka skeleton (D:4)
  4 rats (D:1)
  A plant (D:9)
225 creatures vanquished.

Vanquished Creatures (collateral kills)
  A yak (D:9)
  A porcupine (D:10)
  A sky beast (D:7)
  A black bear (D:8)
  2 orc warriors
  A phantom (D:10)
  2 ogres
  A big kobold (D:9)
  3 bullfrogs
  2 scorpions (D:9)
  Dowan (D:7)
  5 killer bees
  A howler monkey (D:7)
  A wight (D:6)
  An electric eel (D:9)
  A centaur skeleton (D:4)
  9 orc priests
  3 orc wizards
  A worker ant (D:4)
  A hound zombie (D:7)
  A hound skeleton (D:7)
  An adder (D:3)
  A dart slug (D:2)
  13 orcs
  A ball python (D:6)
  2 giant cockroaches
  A goblin (D:3)
  A jackal (D:8)
  A frilled lizard (D:2)
  A leopard gecko zombie (D:5)
  An orc zombie (D:10)
63 creatures vanquished.

Vanquished Creatures (others)
  2 bushes (D:10)
  2 fungi (D:10)
  21 plants
25 creatures vanquished.

Grand Total: 313 creatures vanquished

Notes
Turn   | Place    | Note
-------+----------+-------------------------------------------
     0 | D:1      | PgLoLo the Gnoll Wizard began the quest for the Orb.
     0 | D:1      | Reached XP level 1. HP: 13/13 MP: 8/8
   207 | D:1      | Reached XP level 2. HP: 19/19 MP: 5/10
   211 | D:1      | Learned a level 2 spell: Blink
   214 | D:1      | Learned a level 2 spell: Call Imp
   883 | D:2      | Reached XP level 3. HP: 16/25 MP: 6/11
  1005 | D:2      | Found a sacrificial altar of Ru.
  1014 | D:2      | Found a blossoming altar of Fedhas.
  1122 | D:2      | Found a white marble altar of Elyvilon.
  1197 | D:2      | Reached skill level 1 in Invocations
  1404 | D:2      | Reached skill level 1 in Fighting
  1404 | D:2      | Reached skill level 1 in Short Blades
  1404 | D:2      | Reached skill level 1 in Long Blades
  1404 | D:2      | Reached skill level 1 in Axes
  1404 | D:2      | Reached skill level 1 in Maces & Flails
  1404 | D:2      | Reached skill level 1 in Polearms
  1404 | D:2      | Reached skill level 1 in Staves
  1404 | D:2      | Reached skill level 1 in Slings
  1404 | D:2      | Reached skill level 1 in Bows
  1404 | D:2      | Reached skill level 1 in Crossbows
  1404 | D:2      | Reached skill level 1 in Throwing
  1404 | D:2      | Reached skill level 1 in Armour
  1404 | D:2      | Reached skill level 1 in Shields
  1404 | D:2      | Reached skill level 1 in Unarmed Combat
  1404 | D:2      | Reached skill level 1 in Evocations
  1408 | D:2      | Found a bloodstained altar of Trog.
  1412 | D:2      | Found a shadowy altar of Dithmenos.
  1508 | D:2      | Reached XP level 4. HP: 32/32 MP: 7/13
  1513 | D:2      | Learned a level 3 spell: Conjure Flame
  1517 | D:2      | Learned a level 3 spell: Mephitic Cloud
  2468 | D:3      | Reached skill level 1 in Hexes
  2468 | D:3      | Reached skill level 1 in Charms
  2468 | D:3      | Reached skill level 1 in Necromancy
  2468 | D:3      | Reached skill level 1 in Transmutations
  2468 | D:3      | Reached skill level 1 in Fire Magic
  2468 | D:3      | Reached skill level 1 in Ice Magic
  2468 | D:3      | Reached skill level 1 in Air Magic
  2468 | D:3      | Reached skill level 1 in Earth Magic
  2468 | D:3      | Reached skill level 1 in Poison Magic
  2823 | D:3      | Found a stormy altar of Qazlal.
  3001 | D:3      | Found a radiant altar of Vehumet.
  3009 | D:3      | Found an ancient bone altar of Kikubaaqudgha.
  3010 | D:3      | Found a deep blue altar of Sif Muna.
  3024 | D:3      | Identified Sif Muna's Disquisition on Good Luck
  3081 | D:4      | Found an ornate altar of the Wu Jian Council.
  3241 | D:4      | Reached XP level 5. HP: 37/37 MP: 10/14
  3388 | D:4      | Noticed an ogre
  3584 | D:4      | Reached XP level 6. HP: 34/44 MP: 10/16
  4197 | D:4      | Reached skill level 5 in Dodging
  4316 | D:4      | Found a hazy altar of Hepliaklqana.
  4453 | D:4      | Noticed Edmund
  4880 | D:4      | Killed Edmund
  4880 | D:4      | Reached XP level 7. HP: 35/50 MP: 0/18
  5224 | D:5      | Entered Level 5 of the Dungeon
  5884 | D:5      | Found a glowing golden altar of the Shining One.
  5981 | D:5      | Noticed Ijyb
  5990 | D:5      | Killed Ijyb
  6070 | D:6      | Reached skill level 5 in Stealth
  6170 | D:6      | Noticed Menkaure
  6532 | D:6      | Reached XP level 8. HP: 57/57 MP: 13/19
  6803 | D:6      | Killed Menkaure
  8052 | D:6      | Reached skill level 8 in Spellcasting
  8377 | D:7      | Noticed Duvessa
  8379 | D:7      | Noticed Dowan
  8395 | D:7      | Killed Dowan
  8405 | D:7      | Killed Duvessa
  8993 | D:7      | Reached XP level 9. HP: 65/65 MP: 21/21
  9037 | D:7      | Noticed Prince Ribbit
  9040 | D:7      | Found a staircase to the Ecumenical Temple.
  9118 | D:7      | Killed Prince Ribbit
  9173 | D:7      | Found a shattered altar of Ashenzari.
  9480 | Temple   | Entered the Ecumenical Temple
 11229 | D:8      | Noticed a queen bee
 11752 | D:8      | Got a tiger eye-encrusted ring mail
 11775 | D:7      | Identified the cursed +0 ring mail of Dim Light {+Inv} (You
                  | found it on level 8 of the Dungeon)
 11999 | D:8      | Killed a queen bee
 11999 | D:8      | Reached skill level 5 in Invocations
 12278 | D:8      | Reached XP level 10. HP: 66/73 MP: 15/22
 12345 | D:8      | Noticed Harold
 12425 | D:8      | Killed Harold
 12425 | D:8      | Reached skill level 5 in Fighting
 12425 | D:8      | Reached skill level 5 in Short Blades
 12425 | D:8      | Reached skill level 5 in Long Blades
 12425 | D:8      | Reached skill level 5 in Axes
 12425 | D:8      | Reached skill level 5 in Maces & Flails
 12425 | D:8      | Reached skill level 5 in Polearms
 12425 | D:8      | Reached skill level 5 in Staves
 12425 | D:8      | Reached skill level 5 in Slings
 12425 | D:8      | Reached skill level 5 in Bows
 12425 | D:8      | Reached skill level 5 in Crossbows
 12425 | D:8      | Reached skill level 5 in Throwing
 12425 | D:8      | Reached skill level 5 in Armour
 12425 | D:8      | Reached skill level 5 in Shields
 12425 | D:8      | Reached skill level 5 in Unarmed Combat
 12425 | D:8      | Reached skill level 5 in Evocations
 12794 | D:8      | Found a deep blue altar of Sif Muna.
 12884 | D:8      | Found a burning altar of Makhleb.
 12886 | D:8      | Noticed a green death
 12890 | D:8      | Found a glowing silver altar of Zin.
 12890 | D:8      | Noticed an angel
 13283 | D:9      | Found a hide-covered altar of Uskayaw.
 13416 | D:9      | Found a runed translucent gate.
 13416 | D:9      | Found a runed translucent gate.
 13416 | D:9      | Found a runed translucent gate.
 13621 | D:9      | Reached skill level 9 in Spellcasting
 13778 | D:9      | Noticed Ethylacetat's ghost (journeyman OpFE)
 13778 | D:9      | Noticed a spectral centaur warrior
 13819 | D:9      | Reached skill level 5 in Conjurations
 13819 | D:9      | Reached skill level 5 in Summonings
 13819 | D:9      | Reached skill level 5 in Translocations
 14058 | D:9      | Found a snail-covered altar of Cheibriados.
 14068 | D:9      | Became a worshipper of Cheibriados the Contemplative
 14739 | D:10     | Entered Level 10 of the Dungeon
 15470 | D:10     | Noticed a moth of wrath
 15472 | D:10     | Noticed a two-headed ogre
 15479 | D:10     | Found a bloodstained altar of Trog.
 15480 | D:10     | Identified the +3 battleaxe of Tartarus {chaos, +Fly rF+
                  | rN+}
 15480 | D:10     | Noticed a tengu warrior
 15481 | D:10     | Noticed mrkaede's ghost (novice GrMo)
 15481 | D:10     | Noticed a two-headed ogre
 15482 | D:10     | Noticed a deep troll
 15485 | D:10     | Found a transporter.
 15643 | D:9      | Killed an unseen horror
 15643 | D:9      | Reached XP level 11. HP: 51/81 MP: 19/24
 15807 | D:10     | Found Vefforom's Antique Weapon Emporium.
 16103 | D:10     | Found a transporter.
 16154 | D:10     | Reached * piety under Cheibriados
 17096 | D:10     | Killed an unseen horror
 17623 | D:10     | Found a staircase to the Orcish Mines.
 17642 | D:10     | Reached skill level 5 in Hexes
 17642 | D:10     | Reached skill level 5 in Charms
 17642 | D:10     | Reached skill level 5 in Necromancy
 17642 | D:10     | Reached skill level 5 in Transmutations
 17642 | D:10     | Reached skill level 5 in Fire Magic
 17642 | D:10     | Reached skill level 5 in Ice Magic
 17642 | D:10     | Reached skill level 5 in Air Magic
 17642 | D:10     | Reached skill level 5 in Earth Magic
 17642 | D:10     | Reached skill level 5 in Poison Magic
 17658 | D:10     | Reached ** piety under Cheibriados
 18082 | D:10     | HP: 4/81 [something (9)]
 18084 | D:10     | Slain by an unseen horror

Skill      XL: |  1  2  3  4  5  6  7  8  9 10 11 |
---------------+----------------------------------+-----
Conjurations   | 2 3 4 5 |  5.6
Summonings     | 2 3 4 5 |  5.6
Translocations | 2 3 4 5 |  5.6
Invocations    | 1 2 3 4 5 6 |  6.8
Fighting       | 1 2 3 4 5 6 |  6.2
Short Blades   | 1 2 3 4 5 6 |  6.2
Long Blades    | 1 2 3 4 5 6 |  6.2
Axes           | 1 2 3 4 5 6 |  6.2
Maces & Flails | 1 2 3 4 5 6 |  6.2
Polearms       | 1 2 3 4 5 6 |  6.2
Staves         | 1 2 3 4 5 6 |  6.2
Slings         | 1 2 3 4 5 6 |  6.2
Bows           | 1 2 3 4 5 6 |  6.2
Crossbows      | 1 2 3 4 5 6 |  6.2
Throwing       | 1 2 3 4 5 6 |  6.2
Armour         | 1 2 3 4 5 6 |  6.2
Shields        | 1 2 3 4 5 6 |  6.2
Unarmed Combat | 1 2 3 4 5 6 |  6.2
Evocations     | 1 2 3 4 5 6 |  6.2
Hexes          | 1 2 3 4 5 |  5.1
Charms         | 1 2 3 4 5 |  5.1
Necromancy     | 1 2 3 4 5 |  5.1
Transmutations | 1 2 3 4 5 |  5.1
Fire Magic     | 1 2 3 4 5 |  5.1
Ice Magic      | 1 2 3 4 5 |  5.1
Air Magic      | 1 2 3 4 5 |  5.1
Earth Magic    | 1 2 3 4 5 |  5.1
Poison Magic   | 1 2 3 4 5 |  5.1
Dodging        | 5 6 7 |  7.8
Stealth        | 5 6 7 |  7.5
Spellcasting   | 8 9 |  9.5

Action                   |  1- 3 |  4- 6 |  7- 9 | 10-12 || total
-------------------------+-------+-------+-------+-------++-------
Melee: Dagger            |    54 |    22 |       |       ||    76
       Bite              |     4 |     4 |    15 |    33 ||    56
       Halberd           |       |    66 |   275 |   330 ||   671
       Punch             |       |     1 |       |       ||     1
 Fire: Hunting sling     |       |    25 |     2 |       ||    27
 Cast: Magic Dart        |    55 |    27 |    97 |    73 ||   252
       Call Imp          |     2 |    31 |   123 |    95 ||   251
       Conjure Flame     |       |    10 |    15 |    21 ||    46
       Mephitic Cloud    |       |     5 |     5 |     4 ||    14
       Blink             |       |     2 |     9 |     4 ||    15
  Use: Scroll            |       |    12 |     4 |     2 ||    18
       Potion            |       |       |       |     7 ||     7
 Stab: Sleeping          |     3 |     3 |     4 |     4 ||    14
       Distracted        |       |     1 |     9 |     4 ||    14
       Confused          |       |       |     2 |     3 ||     5
  Eat: Chunk             |     2 |     5 |    12 |    12 ||    31
       Ration            |       |     1 |     4 |     1 ||     6
Armor: Robe              |    32 |    10 |    26 |       ||    68
       Ring mail         |       |       |    13 |   116 ||   129
Dodge: Dodged            |    61 |    62 |   237 |   275 ||   635
